 Dungeon Crawl Stone Soup version 0.20.1-1-g8b1a95d (webtiles) character file.

449 Gargoyl the Grave Robber (level 6, -4/24 HPs)
             Began as a Felid Necromancer on July 27, 2017.
             Killed by divine providence
             ... invoked by an orc priest
              (7 damage)
             ... on level 6 of the Dungeon.
             The game lasted 00:17:16 (5841 turns).

Gargoyl the Grave Robber (Felid Necromancer)        Turns: 5841, Time: 00:17:16

Health: -4/24      AC: 10    Str:  4    XL:     6   Next: 74%
Magic:  2/13       EV: 19    Int: 16    God:
Gold:   185        SH:  0    Dex: 19    Spells: 0/13 levels left
                                        Lives:  0   Deaths: 1

rFire    . . .     SeeInvis +     - Unarmed
rCold    . . .     Gourm    .   (shield unavailable)
rNeg     . . .     Faith    .   (armour unavailable)
rPois    +         Spirit   .   (helmet unavailable)
rElec    .         Reflect  .   (cloak unavailable)
rCorr    .         Harm     .   (gloves unavailable)
MR       .....                  (boots unavailable)
Stlth    +++.......             (no amulet)
Regen    0.1/turn               n - ring of Robustness {AC+8}
MPRegen  0.2/turn               d - ring of poison resistance

@: quick
A: no armour, no weapons or thrown items, stealth, claws 1, fangs 3, see
invisible, carnivore 3, speed 1, shaggy fur 2, slow metabolism 1, sharp paws
a: no special abilities


You were on level 6 of the Dungeon.
You were very full.

You visited 1 branch of the dungeon, and saw 6 of its levels.

You collected 185 gold pieces.

Inventory:

Jewellery
 d - a ring of poison resistance (right paw)
 k - a +4 ring of evasion
 n - the ring of Robustness (left paw) {AC+8}
   (You found it on level 4 of the Dungeon)

   [ring of protection]

   It affects your AC (+8).
 p - an uncursed ring of magical power {unknown}
Scrolls
 c - a scroll of magic mapping
 f - 3 scrolls of remove curse
 i - a scroll of blinking
 o - 3 scrolls of teleportation
 q - a scroll of identify
Potions
 e - a potion of flight {unknown}
 g - a potion of haste
 h - 2 potions of ambrosia
 j - a potion of resistance {unknown}
 l - a potion of invisibility {unknown}
 m - a potion of heal wounds {unknown}
 s - 2 potions of curing {unknown}
 t - a potion of lignification
Books
 a - a book of Necromancy

   Spells                             Type                      Level
   a - Pain                           Necromancy                   1
   b - Animate Skeleton               Necromancy                   1
   c - Vampiric Draining              Necromancy                   3
   d - Regeneration                   Charms/Necromancy            3
   e - Animate Dead                   Necromancy                   4
   f - Control Undead                 Necromancy                   4
Comestibles
 b - 3 meat rations
 r - a royal jelly


   Skills:
 + Level 0.2 Fighting
 + Level 3.6 Dodging
 + Level 2.6 Stealth
 + Level 1.3 Unarmed Combat
 + Level 4.3 Spellcasting
 * Level 7.5 Necromancy


You couldn't memorise any spells.
You knew the following spells:

 Your Spells              Type           Power        Failure   Level  Hunger
a - Pain                  Necr           ####         1%          1    None
b - Animate Skeleton      Necr           N/A          1%          1    None
c - Vampiric Draining     Necr           ####......   2%          3    ###....
d - Control Undead        Necr           ####......   8%          4    ####...
e - Animate Dead          Necr           N/A          8%          4    ####...


Dungeon Overview and Level Annotations

Branches:
Dungeon (6/15)
 Temple: D:4-7

Altars:
Ashenzari
Elyvilon
Fedhas
Kikubaaqudgha

Annotations:
D:3 ReignOfFire's ghost, amateur DsGl
D:5 Menkaure


Innate Abilities, Weirdness & Mutations

You cannot wear armour.
You are incapable of wielding weapons or throwing items.
Your paws allow you to move quietly. (Stealth)
You have sharp claws.
You have razor-sharp teeth.
You have supernaturally acute eyesight. (SInv)
You are carnivorous and can eat meat at any time.
You cover ground quickly.
You are covered in thick fur. (AC +2)
You have a slow metabolism.
Your sharp claws are effective at attacking unaware monsters.


Message History

Unknown command.
Casting: Control Undead
Confirm with . or Enter, or press ? or * to list all spells.
The wight easily resists.
The orc priest closely misses your wight.
The orc hits your wight with a whip.
Your wight is destroyed!
Casting: Control Undead
Confirm with . or Enter, or press ? or * to list all spells.
You call on the dead to rise...
Nothing appears to happen.
The orc priest invokes the aid of Beogh against you.
Beogh smites you!
The orc wizard mumbles some strange words.
The orc wizard blinks!
The orc priest calls down the wrath of Beogh upon you.
Beogh smites you!
* * * LOW HITPOINT WARNING * * *
The orc priest calls down the wrath of Beogh upon you.
Beogh smites you!
You die...

######### # ..# # #.# #
#.# # # ###.# # ###.
...# #
....###.################
#.....................#
#.....@..####.#..###..#
#...#...## #.#..# #..#
##.....## #.#..###..#
#####z# #.#....#..# #o#
#.........# #)#
###.##.##.# o.)
#.......# ... ####.####
..... ##.#.#


You could see a wight, an orc priest and an orc.

Vanquished Creatures
  Sigmund (D:3)
  Edmund (D:6)
  Blork the orc (D:4)
  A wight (D:6)
  A bullfrog skeleton (D:4)
  3 orc wizards
  3 orc priests
  A worker ant zombie (D:6)
  2 adders
  A shadow imp (D:6)
  An ooze (D:1)
  A worm (D:5)
  A dart slug (D:1)
  A leopard gecko (D:2)
  17 orcs
  5 giant cockroaches
  5 goblins
  3 hobgoblins
  A jackal (D:2)
  5 quokkas
  5 bats
  5 frilled lizards
  5 kobolds
  4 rats
74 creatures vanquished.

Vanquished Creatures (collateral kills)
  A wight (D:6)
  A howler monkey zombie (D:6)
  A leopard gecko (D:4)
  An orc (D:6)
  4 jackals (D:6)
8 creatures vanquished.

Grand Total: 82 creatures vanquished

Notes
Turn   | Place    | Note
-------+----------+-------------------------------------------
     0 | D:1      | Gargoyl the Felid Necromancer began the quest for the Orb.
     0 | D:1      | Reached XP level 1. HP: 7/7 MP: 4/4
    70 | D:1      | Learned a level 1 spell: Animate Skeleton
   825 | D:1      | Reached XP level 2. HP: 6/11 MP: 0/6
  1670 | D:2      | Reached XP level 3. HP: 13/14 MP: 4/7
  2121 | D:2      | Learned a level 3 spell: Vampiric Draining
  2670 | D:3      | Noticed ReignOfFire's ghost (amateur DsGl)
  2680 | D:3      | Noticed Sigmund
  2700 | D:3      | Killed Sigmund
  2700 | D:3      | Reached skill level 5 in Necromancy
  2700 | D:3      | Reached XP level 4. HP: 15/18 MP: 1/9
  2700 | D:3      | Reached XP level 5. HP: 18/21 MP: 1/10
  2706 | D:3      | Reached skill level 6 in Necromancy
  3129 | D:4      | Reached skill level 1 in Unarmed Combat
  3129 | D:4      | Gained mutation: You are covered in thick fur. (AC +2) [Felid growth]
  3129 | D:4      | Reached XP level 6. HP: 24/24 MP: 1/12
  3137 | D:4      | HP: 1/24 [orc priest/divine providence (9)]
  3619 | D:4      | Noticed Blork the orc
  3630 | D:4      | Killed Blork the orc
  4119 | D:4      | Learned a level 4 spell: Control Undead
  4124 | D:4      | Learned a level 4 spell: Animate Dead
  4168 | D:4      | Found an ancient bone altar of Kikubaaqudgha.
  4266 | D:4      | Found a shattered altar of Ashenzari.
  4363 | D:5      | Entered Level 5 of the Dungeon
  4375 | D:5      | Found a white marble altar of Elyvilon.
  4573 | D:5      | Noticed Menkaure
  4577 | D:5      | Killed from afar by Menkaure
  4578 | D:5      | Reached XP level 5. HP: -1/21 MP: 9/12
  4762 | D:6      | Reached skill level 7 in Necromancy
  4816 | D:6      | Noticed Edmund
  4846 | D:6      | Killed Edmund
  4846 | D:6      | Reached XP level 6. HP: 14/24 MP: 11/13
  5324 | D:6      | Found a blossoming altar of Fedhas.
  5841 | D:6      | Killed from afar by an orc priest

Skill      XL: |  1  2  3  4  5  6 |
---------------+-------------------+-----
Dodging        | 3 |  3.6
Spellcasting   | 3 4 |  4.3
Necromancy     | 5 7 |  7.5
Unarmed Combat | 1 |  1.3
Fighting       | |  0.2
Stealth        | |  2.6

Action                   |  1- 3 |  4- 6 || total
-------------------------+-------+-------++-------
Melee: Unarmed           |    35 |   117 ||   152
       Bite              |     2 |    12 ||    14
 Cast: Pain              |    50 |    47 ||    97
       Animate Skeleton  |     8 |     5 ||    13
       Vampiric Draining |     4 |    19 ||    23
       Control Undead    |       |     9 ||     9
       Animate Dead      |       |     2 ||     2
  Use: Scroll            |     8 |     3 ||    11
       Potion            |     1 |     2 ||     3
 Stab: Distracted        |       |     1 ||     1
  Eat: Chunk             |    12 |    13 ||    25
Armor: Skin              |    28 |    43 ||    71
Dodge: Dodged            |    53 |   117 ||   170
